[Event "Late-Titled-Tuesday-Blitz-September-05-2023"]
[Site "Chess.com"]
[Date "2023.09.05"]
[Round "8"]
[White "kingofthenil"]
[Black "BillieKimbah"]
[Result "0-1"]
[WhiteElo "2766"]
[BlackElo "3037"]
[TimeControl "180+1"]
[EndTime "15:29:33 PDT"]
[Termination "BillieKimbah won on time"]

1. e4 e5 2. Nf3 Nc6 3. Bb5 a6 4. Bxc6 dxc6 5. O-O Qf6 6. d4 exd4 7. Bg5 Qd6 8. Nxd4 Be7 9. Be3 Nf6 10. f3 c5 11. Ne2 Be6 12. Qxd6 Bxd6 13. Nbc3 O-O-O 14. Rfd1 Rhe8 15. Nf4 Bd7 16. Nd3 b6 17. a4 Kb7 18.
Bg5 Be7 19. Rd2 c4 20. Nf2 h6 21. Be3 Be6 22. Rad1 Rxd2 23. Rxd2 g5 24. Bd4 Nd7 25. Nfd1 c6 26. Ne3 b5 27. g4 Bf8 28. axb5 axb5 29. Nf5 f6 30. Be3 Ne5 31. Kg2 Kc7 32. Ne2 Bd7 33. Neg3 c5 34. h3 b4 35. Nh5 Re6 36. Rd5 Bc6 37. Rxc5 Bxc5 38. Bxc5 b3 39. cxb3 cxb3 40.
Nd4 Re8 41. Nxf6 Ra8 42. Nxb3 Ra2 43. Bd4 Nd3 44. Kg3 Nf4 45. Be3 Ne2+ 46. Kf2 Rxb2 47. Nc5 Nf4+ 48. Kg1 Nxh3+ 49. Kh1 Bb5 50. Ne6+ Kb7 51.
Nd4 Bf1 0-1

[Event "Late-Titled-Tuesday-Blitz-September-05-2023"]
[Site "Chess.com"]
[Date "2023.09.05"]
[Round "8"]
[White "Murad_Ibrahimli"]
[Black "Goryachkina"]
[Result "1-0"]
[WhiteElo "2912"]
[BlackElo "2678"]
[TimeControl "180+1"]
[EndTime "15:29:40 PDT"]
[Termination "Murad_Ibrahimli won on time"]

1. d4 Nf6 2. c4 e6 3. Nc3 d5 4.
cxd5 exd5 5. Bg5 c6 6. e3 Be7 7.
Qc2 h6 8. Bh4 O-O 9. Bd3 Re8 10.
Nge2 a5 11. a3 Na6 12. f3 b5 13. O-O Bd7 14. h3 b4 15. Na4 bxa3 16. bxa3 c5 17. Nxc5 Nxc5 18. dxc5 Rc8 19. Bf2 Bxc5 20. Qd2 Qe7 21.
Nd4 Bxa3 22. Qxa5 Bb4 23. Qa2 Qe5 24. Rab1 Bd6 25. f4 Qe7 26. Rb7 Bc5 27. Qb2 Qd6 28. Ra1 Rb8 29. Ra6 Rxb7 30. Qxb7 Qb8 31. Qxb8 Rxb8 32. Nf3 Bb5 33. Bxb5 Rxb5 34. Ra2 Ne4 35. g4 Rb3 36. Re2 f6 37. Kg2 Kf7 38. f5 Rd3 39. Nh4 Rb3 40. Ng6 Ke8 41. Nf4 Kd7 42. Nxd5 Kd6 43.
Nf4 Kc6 44. Ne6 1-0

[Event "Late-Titled-Tuesday-Blitz-September-05-2023"]
[Site "Chess.com"]
[Date "2023.09.05"]
[Round "8"]
[White "mbojan"]
[Black "Russian_berezka"]
[Result "1/2-1/2"]
[WhiteElo "2814"]
[BlackElo "2610"]
[TimeControl "180+1"]
[EndTime "15:29:40 PDT"]
[Termination "Game drawn by stalemate"]

1. a3 d5 2. b4 Bf5 3. Bb2 e6 4. e3 Nf6 5. c4 c6 6. Nf3 Bd6 7.
Be2 Nbd7 8. Nh4 Bg6 9. Nc3 e5 10.
cxd5 cxd5 11. Nxg6 hxg6 12. Qb3 Nb6 13. Bb5+ Ke7 14. a4 Rc8 15. a5 Nc4 16. Nxd5+ Nxd5 17. Bxc4 Nxb4 18. Bxf7 Nc2+ 19. Kf1 Nxa1 20. Qe6+ Kf8 21. Bxg6 Rc7 22. Bxa1 Qd7 23. Qxd7 Rxd7 24. Bc3 Ke7 25. Ke2 b5 26. axb6 axb6 27. h3 b5 28. Rb1 Rb8 29.
Rb3 b4 30. Bb2 Rc7 31. Bb1 Ke6 32. f3 Rd8 33. Ba2 Ke7 34. Kd1 Ra8 35. Bb1 Rd8 36. Rd3 Rf8 37. Ba2 Rf6 38. Bb3 Rg6 39. g4 Rh6 40.
Rd5 Rxh3 41. Bxe5 Rh1+ 42. Ke2 Bxe5 43. Rxe5+ Kf6 44. Rb5 Rh2+ 45. Kd3 Rd7+ 46. Ke4 Rhxd2 47. Rxb4 Rb2 48. Rb5 Re7+ 49. Kf4 g5+ 50. Kg3 Rxe3 51. Rf5+ Kg6 52. Bd5 Ree2 53. f4 Re3+ 54. Bf3 Rbb3 55. fxg5 Rxf3+ 56. Rxf3 Rxf3+ 57. Kxf3 Kxg5 58. Kg3 Kg6 59. Kf4 Kf6 60. g5+ Kg6 61. Kg4 Kg7 62. Kf5 Kf7 63.
Kf4 Kg6 64. Kg4 Kg7 65. Kf5 Kf7 66. g6+ Kg7 67. Kg5 Kg8 68. Kh5 Kg7 69. Kg5 Kg8 70.
Kf6 Kf8 71. Ke6 Kg7 72. Kf5 Kg8 73.
Kg5 Kg7 74. Kh5 Kg8 75. Kh6 Kh8 76. g7+ Kg8 77. Kg6 1/2-1/2

[Event "Late-Titled-Tuesday-Blitz-September-05-2023"]
[Site "Chess.com"]
[Date "2023.09.05"]
[Round "8"]
[White "Sjakkerntobi"]
[Black "GoltsevDmitry2000"]
[Result "0-1"]
[WhiteElo "2477"]
[BlackElo "2654"]
[TimeControl "180+1"]
[EndTime "15:29:40 PDT"]
[Termination "GoltsevDmitry2000 won by resignation"]

1. f4 e5 2. fxe5 d6 3. Nf3 dxe5 4. e4 Nc6 5. Bc4 Bc5 6. Qe2 Nf6 7. Bxf7+ Ke7 8. Bb3 Rf8 9. c3 Bg4 10. d3 Qd6 11. Bg5 Rad8 12. Bc2 h6 13. Bh4 g5 14.
Bg3 Nh5 15. Nbd2 b5 16. a4 a6 17. O-O-O Nf4 18. Bxf4 gxf4 19. axb5 axb5 20. Nb3 Be3+ 21. Kb1 Ra8 22. d4 exd4 23. cxd4 Nb4 24. Qxb5 Rfb8 25.
Qe5+ Qxe5 26. Nxe5 Bxd1 27. Rxd1 Ra6 28. Nc5 Rd6 29. Nf3 Rg8 30. Nh4 Kf8 31. Nf5 Nxc2 32. Kxc2 Rxg2+ 33. Kb3 Rb6+ 34. Kc4 Rbxb2 35. Rf1 Rgf2 36.
Ra1 Ra2 37. Rb1 Rfb2 38. Rf1 Ke8 39. Kd5 Rxh2 40. Ng7+ Kf7 41. Nf5 Kg6 42. Ne7+ Kh5 43. Nf5 Rac2 44. Ne6 Kg6 45. Nf8+ Kf7 46. Nd7 Rcf2 47.
Rc1 Bxc1 48. Ne5+ Kf8 49. Ke6 Rhg2 50. Nd7+ Kg8 51. Nf6+ Kh8 52. Kf7 Ra2 53. e5 Ra6 54. e6 f3 55. Nh4 Rg1 56. e7 Rxf6+ 57.
Kxf6 Bg5+ 58. Kf7 Bxe7 59. Nxf3 Rf1 60. Kxe7 Rxf3 0-1

[Event "Late-Titled-Tuesday-Blitz-September-05-2023"]
[Site "Chess.com"]
[Date "2023.09.05"]
[Round "8"]
[White "Alexei_Gubajdullin"]
[Black "Cmorales2001"]
[Result "0-1"]
[WhiteElo "2581"]
[BlackElo "2442"]
[TimeControl "180+1"]
[EndTime "15:29:40 PDT"]
[Termination "Cmorales2001 won on time"]

1. d4 Nf6 2. Nf3 d5 3. Bf4 c5 4. e3 cxd4 5. exd4 Nc6 6. c3 Bf5 7. Nbd2 e6 8. Qb3 Qc8 9. Nh4 Bg6 10. Nxg6 hxg6 11. Bd3 Nh5 12. Be3 Bd6 13. g3 Nf6 14.
Qd1 e5 15. dxe5 Nxe5 16. Be2 Qh3 17. Nf3 Neg4 18. Bd4 O-O-O 19. Qa4 Rhe8 20. Qxa7 Rxe2+ 21. Kxe2 Re8+ 22. Kd3 Qg2 23. Nd2 Ne4 24. Rhe1 Bb8 25. Qa4 Re6 26. Nxe4 dxe4+ 27. Kc2 e3 28. Qc4+ Bc7 29.
Re2 Qe4+ 30. Kb3 Ne5 31. Rxe3 Nxc4 32. Rxe4 Nd2+ 33. Kc2 Nxe4 34. Re1 Nf6 35. Rxe6 fxe6 36. a4 e5 37. Bc5 b6 38. Bf8 Ng4 39. Bxg7 Nxf2 40.
b4 Ng4 41. h3 Ne3+ 42. Kd3 Nf5 43. Bf8 Nxg3 44. c4 Nh5 45. c5 bxc5 46. Bxc5 Nf4+ 47.
Ke4 Nxh3 48. a5 Ng5+ 49. Kd5 Kb7 50. Kc4 Ne4 51. Be3 Nd6+ 52. Kd5 Nf5 53. Bc5 g5 54. b5 Bxa5 55. Kxe5 Nh4 56. Be3 Bd8 57. Ke4 Kc7 0-1

[Event "Late-Titled-Tuesday-Blitz-September-05-2023"]
[Site "Chess.com"]
[Date "2023.09.05"]
[Round "8"]
[White "Tomytoteph"]
[Black "vanyakuba"]
[Result "0-1"]
[WhiteElo "2580"]
[BlackElo "2418"]
[TimeControl "180+1"]
[EndTime "15:29:40 PDT"]
[Termination "vanyakuba won by resignation"]

1. e4 d5 2. exd5 Qxd5 3. Nc3 Qa5 4. Nf3 Nf6 5. Bc4 Bg4 6. h3 Bh5 7. O-O Nc6 8. d3 O-O-O 9. Bd2 Nd4 10. Ne4 Nxf3+ 11.
Qxf3 Bxf3 12. Bxa5 Bxe4 13. dxe4 e6 14. Bd3 Bc5 15. Bc3 Bd4 16. Bxd4 Rxd4 17. f3 Rhd8 18. Kf2 c5 19. b3 e5 20. Ke3 Nh5 21. Bc4 R8d7 22.
Bb5 R7d6 23. Bc4 Rd7 24. Bb5 R7d6 25. Be8 Rf6 26. c3 Rd8 27. Bb5 Nf4 28. Rf2 a6 29.
Bf1 h5 30. g3 Ne6 31. h4 Kc7 32. f4 Rg6 33. Kf3 exf4 34. gxf4 Rg4 35. f5 Nf4 36. Rh2 Nd3 37. Ke3 Rg3+ 38. Ke2 Nf4+ 39.
Kf2 Rxc3 40. Kg1 Rg3+ 41. Kf2 Rc3 42. Kg1 Rd4 43. Re1 Rg3+ 44. Kf2 Rc3 45. Rh1 Rc2+ 46. Kf3 Nd3 47. Re3 Ne5+ 48. Kf4 f6 49. Rg1 Rd7 50. Rg2 Rxg2 51. Bxg2 Rd3 52. Re2 Rd1 53. Rc2 b6 54. b4 Kd6 55. bxc5+ bxc5 56. Rb2 Nd3+ 57. Ke3 Nxb2 0-1

[Event "Late-Titled-Tuesday-Blitz-September-05-2023"]
[Site "Chess.com"]
[Date "2023.09.05"]
[Round "8"]
[White "jorquerino"]
[Black "miraitrunks"]
[Result "0-1"]
[WhiteElo "2326"]
[BlackElo "2107"]
[TimeControl "180+1"]
[EndTime "15:29:41 PDT"]
[Termination "miraitrunks won on time"]

1. e4 c5 2. Nc3 Nc6 3. g3 g6 4.
Bg2 Bg7 5. d3 d6 6. Be3 Nf6 7.
h3 O-O 8. Qd2 Rb8 9. f4 Nd4 10.
Nd1 d5 11. e5 Nd7 12. c3 Nf5 13. Bf2 e6 14. Nf3 b5 15. g4 Ne7 16. O-O b4 17. Ne3 bxc3 18. bxc3 Ba6 19. g5 Nf5 20. Ng4 d4 21. c4 Rb4 22. Nxd4 Nxd4 23. Bxd4 Bb7 24. Bxb7 Rxb7 25. Bc3 Nb6 26. Nf6+ Bxf6 27. exf6 Qd7 28. Rad1 Na4 29. Be5 Rd8 30. Qf2 Qe8 31. Qg2 Rbd7 32. Rf3 Nb6 33. h4 Nxc4 34. h5 Nxe5 35. fxe5 c4 36.
hxg6 fxg6 37. Rdf1 Rf7 38. dxc4 Qc6 39. Qc2 Rd4 40. c5 Rg4+ 41. Kh2 Rxg5 42. Rd3 Rxe5 43. Rd8+ Rf8 44. f7+ Kg7 45. Rxf8 Kxf8 46. Qc3 Rh5+ 47. Kg3 Qc7+ 48. Kg2 Qh2+ 49. Kf3 Rh3+ 50. Ke4 Rxc3 0-1

[Event "Late-Titled-Tuesday-Blitz-September-05-2023"]
[Site "Chess.com"]
[Date "2023.09.05"]
[Round "8"]
[White "queen_iryna"]
[Black "whitemirrorninja"]
[Result "1-0"]
[WhiteElo "2340"]
[BlackElo "2478"]
[TimeControl "180+1"]
[EndTime "15:29:42 PDT"]
[Termination "queen_iryna won by checkmate"]

1. e4 c5 2. Nf3 a6 3. c4 Nc6 4. Nc3 e5 5. g3 d6 6. Bg2 g6 7. O-O Bg7 8. d3 Nge7 9. Nd5 O-O 10. Be3 Bg4 11. h3 Be6 12. Ng5 Bd7 13. Qd2 Nd4 14.
f4 Nxd5 15. exd5 f5 16. fxe5 dxe5 17. Bxd4 cxd4 18. Ne6 Bxe6 19. dxe6 Qe7 20. Rae1 Kh8 21. Bd5 h5 22. a3 Kh7 23. Kg2 a5 24. h4 Ra6 25. Qg5 Bf6 26. Qd2 Rxe6 27. Bxe6 Qxe6 28. b4 e4 29. bxa5 e3 30. Qe2 Bd8 31. Rb1 Rf7 32.
Qf3 Bxa5 33. Rb2 b6 34. Rfb1 f4 35. gxf4 Qf5 36. Rb3 Qxf4 37. Qxf4 Rxf4 38. R3b2 Rxh4 39. Rf1 Rg4+ 40. Kf3 Kh6 41. c5 bxc5 42. Rb5 Bc3 43. Rxc5 Rh4 44. Re5 Rh3+ 45. Kg2 Rh4 46. a4 Rg4+ 47.
Kf3 Rg5 48. Rxg5 Kxg5 49. Rg1+ Kf5 50. Rb1 g5 51. a5 Kf6 52. a6 g4+ 53. Ke2 g3 54. a7 g2 55. a8=Q Be1 56. Rxe1 g1=Q 57. Rxg1 h4 58. Qc6+ Ke5 59. Rg5+ Kf4 60. Qf6# 1-0

[Event "Late-Titled-Tuesday-Blitz-September-05-2023"]
[Site "Chess.com"]
[Date "2023.09.05"]
[Round "8"]
[White "Perecke"]
[Black "Athanasios2"]
[Result "0-1"]
[WhiteElo "2497"]
[BlackElo "2703"]
[TimeControl "180+1"]
[EndTime "15:29:44 PDT"]
[Termination "Athanasios2 won by resignation"]

1. e4 c5 2. Nf3 d6 3. d4 cxd4 4.
Nxd4 Nf6 5. Nc3 Nc6 6. Bg5 e6 7. Qd2 Be7 8. O-O-O O-O 9. f4 Nxd4 10. Qxd4 Qa5 11. Kb1 h6 12. h4 Rd8 13. Bd3 Bd7 14. Qe3 Bc6 15. e5 dxe5 16. fxe5 Ng4 17. Qg3 Bxg5 18. hxg5 Nxe5 19. gxh6 g6 20. Rh5 f5 21. h7+ Kh8 22. Rh6 Nxd3 23. cxd3 Be8 24. d4 Rac8 25. d5 Qc7 26. d6 Qg7 27. Rhh1 e5 28.
Rd5 e4 29. Re5 Rd7 30. Nd5 Bf7 31. Re7 Rcd8 32. Rxd7 Rxd7 33. Ne7 Qf6 34. Rc1 Rd8 35. Rc7 f4 36. Qc3 Qxc3 37. bxc3 e3 38. Kc1 Kxh7 39.
Kd1 Kg7 40. Ke1 Kf6 41. Nc8 Be6 42. Nxa7 Rxd6 43. Rxb7 Ra6 44. Nb5 Rxa2 45. Rb6 Ke5 46. Nd4 Bc4 47. Nf3+ Ke4 48. Rb1 Re2+ 49. Kd1 Rxg2 50.
Nd4 Rg1+ 51. Kc2 Bd3+ 0-1

[Event "Late-Titled-Tuesday-Blitz-September-05-2023"]
[Site "Chess.com"]
[Date "2023.09.05"]
[Round "8"]
[White "wild3000"]
[Black "maksimys18"]
[Result "1-0"]
[WhiteElo "2365"]
[BlackElo "2489"]
[TimeControl "180+1"]
[EndTime "15:29:46 PDT"]
[Termination "wild3000 won by checkmate"]

1. e4 e6 2. Nf3 d5 3. e5 c5 4. b4 cxb4 5. d4 Nc6 6. a3 Nh6 7. axb4 Bxb4+ 8. c3 Bf8 9. Bd3 Nf5 10.
Na3 Be7 11. Nb5 O-O 12. h4 a6 13. g4 Nxh4 14. Nxh4 Bxh4 15. Nd6 h6 16. Bc2 f5 17. gxf5 exf5 18. Qh5 Bg5 19. f4 Be7 20. Ba3 b5 21. Rg1 Bxd6 22. Bxd6 Kh8 23. Bxf8 Qxf8 24. Rg6 Bd7 25.
Rd6 Ra7 26. Rxd5 b4 27. Rxd7 Rxd7 28. Qxf5 Qxf5 29. Bxf5 Rf7 30. Be4 Ne7 31. Rxa6 g5 32. fxg5 hxg5 33. Rh6+ Kg8 34. Kd2 Rf4 35. Bb7 b3 36.
Rh1 Nf5 37. Rb1 Rf2+ 38. Kd3 b2 39. Bd5+ Kf8 40. Ba2 g4 41. Ke4 Ng3+ 42. Kd5 Nh5 43. Kd6 g3 44. e6 Ng7 45. e7+ Ke8 46. d5 Nf5+ 47. Ke5 Kxe7 48. c4 g2 49. c5 Rf1 50. d6+ Kd8 51. c6 Nxd6 52. Kxd6 g1=Q 53. c7+ Ke8 54. c8=Q# 1-0

[Event "Late-Titled-Tuesday-Blitz-September-05-2023"]
[Site "Chess.com"]
[Date "2023.09.05"]
[Round "8"]
[White "Kostukov_Alex"]
[Black "chessS1r"]
[Result "0-1"]
[WhiteElo "2401"]
[BlackElo "2577"]
[TimeControl "180+1"]
[EndTime "15:29:47 PDT"]
[Termination "chessS1r won by checkmate"]

1. g3 d5 2. Bg2 e5 3. c4 dxc4 4.
Qa4+ Bd7 5. Qxc4 Bc6 6. Nf3 Nf6 7. Nxe5 Bd5 8. Bxd5 Qxd5 9. Qxd5 Nxd5 10. Nc3 Nb4 11. O-O Bd6 12. Nc4 Be7 13. b3 c6 14.
Bb2 O-O 15. a3 N4a6 16. b4 Nc7 17. d3 Nd7 18. Na5 Rab8 19. Ne4 Nd5 20. Rac1 Rfe8 21. e3 Bf8 22. Rfd1 Ne5 23. Nc3 Nb6 24. Kg2 Rbd8 25. Nxb7 Rxd3 26. Ne2 Rxd1 27. Rxd1 Nec4 28. Bc1 Rb8 29.
Nd8 Rc8 30. Nb7 Rb8 31. Nd8 Rc8 32. Nb7 f6 33. Nf4 Kf7 34. Nd3 Na4 35. Ndc5 Nxc5 36.
Nxc5 Bxc5 37. bxc5 Rc7 38. Rd4 Ne5 39. e4 Nd7 40. Bf4 Rb7 41. Rd6 Nxc5 42. Rxc6 Nxe4 43.
a4 g5 44. Be3 Rd7 45. Ra6 Nc3 46.
a5 Nb5 47. Rc6 Ke7 48. h4 h6 49. h5 Kf7 50. Kf3 f5 51. g4 fxg4+ 52. Kxg4 Nd6 53. Bc5 Ne4 54. Be3 Nf6+ 55. Kf5 Rd5# 0-1

[Event "Late-Titled-Tuesday-Blitz-September-05-2023"]
[Site "Chess.com"]
[Date "2023.09.05"]
[Round "8"]
[White "Jenia84"]
[Black "rdarruda"]
[Result "1-0"]
[WhiteElo "2343"]
[BlackElo "2499"]
[TimeControl "180+1"]
[EndTime "15:29:47 PDT"]
[Termination "Jenia84 won by resignation"]

1. e4 c5 2. Nf3 Nc6 3. d4 cxd4 4. Nxd4 e5 5. Nb5 a6 6. Nd6+ Bxd6 7. Qxd6 Qe7 8. Qd3 Nf6 9. Nc3 d6 10. a3 Be6 11. Bg5 O-O 12. Be2 Rfd8 13. Rd1 h6 14.
Bh4 g5 15. Qg3 Kf8 16. Bxg5 hxg5 17. Qxg5 Ng8 18. Qg3 Qf6 19. Bg4 Qf4 20. Qxf4 exf4 21. Bf3 Nge7 22. h4 Ne5 23. Bh5 Kg7 24. Ne2 N7g6 25.
Bxg6 Nxg6 26. h5 f3 27. gxf3 Ne5 28. Nd4 Kh6 29. Ke2 Rac8 30. b3 Rc3 31. Kd2 Rcc8 32. c4 Rg8 33. Ke3 Rcd8 34. f4 Ng4+ 35. Ke2 Bc8 36. f3 Nf6 37. Ke3 Rg3 38. Ne2 Rg2 39.
f5 Ne8 40. a4 Rd7 41. Rd3 Re7 42. Nf4 Rg8 43. Nd5 Rd7 44. Nb6 Rd8 45. Kf4 Bd7 46. Rhd1 Bc6 47. b4 Nf6 48. b5 Nxh5+ 49. Ke3 axb5 50.
axb5 Be8 51. Rxd6+ Rxd6 52. Rxd6+ Kh7 53. Nd5 Kg7 54.
Rb6 Bd7 55. Rxb7 Rd8 56. Nf4 Nf6 57. b6 Bc8 58. Rc7 Ba6 59. Ne6+ Kg8 60. Nxd8 1-0

[Event "Late-Titled-Tuesday-Blitz-September-05-2023"]
[Site "Chess.com"]
[Date "2023.09.05"]
[Round "8"]
[White "NotFischer"]
[Black "gunslinger222"]
[Result "0-1"]
[WhiteElo "2273"]
[BlackElo "2438"]
[TimeControl "180+1"]
[EndTime "15:29:48 PDT"]
[Termination "gunslinger222 won on time"]

1. e4 e6 2. d4 d5 3. e5 c5 4. c3 Nc6 5. Nf3 Qb6 6. Bd3 cxd4 7. O-O Nh6 8. Re1 Nf5 9. Bxf5 exf5 10. cxd4 h6 11. Nc3 Be6 12. a3 a5 13. Qd3 g5 14.
Na4 Qa6 15. Qxa6 Rxa6 16. Nc5 Bxc5 17. dxc5 b6 18. cxb6 Rxb6 19. b4 axb4 20. axb4 Kd7 21. Bd2 Rhb8 22. h3 Nxb4 23. Bxb4 Rxb4 24. Rad1 Rc4 25.
Rd2 Rbb4 26. Kh2 g4 27. hxg4 fxg4 28. Nh4 Re4 29. Rde2 Rxe2 30. Rxe2 d4 31. Kg3 d3 32. Rd2 Rd4 33. f4 h5 34. f5 Bd5 35. Kf2 g3+ 36.
Kxg3 Rg4+ 37. Kh3 Be4 38. Nf3 Bxf5 39. Kh2 Ke6 40. Ne1 Rd4 41. Nf3 Rd8 42. Kg3 Rg8+ 43. Kf4 Rg4+ 44. Ke3 Re4+ 45. Kf2 Rc4 46. Ke3 Rc2 47.
Nd4+ Kxe5 48. Nf3+ Kf6 49. Nd4 Rxd2 50. Kxd2 Bg6 51. Ke3 Ke5 52. Nf3+ Kd5 53. Nd2 Kc5 54. g3 Kb4 55. Nf3 Kc3 0-1

[Event "Late-Titled-Tuesday-Blitz-September-05-2023"]
[Site "Chess.com"]
[Date "2023.09.05"]
[Round "8"]
[White "ninguno46"]
[Black "RIPOL"]
[Result "1/2-1/2"]
[WhiteElo "2602"]
[BlackElo "2439"]
[TimeControl "180+1"]
[EndTime "15:29:50 PDT"]
[Termination "Game drawn by repetition"]

1. c4 e6 2. Nf3 Nf6 3. e3 d5 4. b3 a6 5. Bb2 c5 6. d4 cxd4 7. exd4 Bb4+ 8. Nbd2 Nc6 9. Bd3 O-O 10.
O-O Bd6 11. c5 Bc7 12. a3 b5 13. b4 Rb8 14. Re1 Re8 15. Ne5 Bxe5 16. dxe5 Nd7 17. Qh5 Nf8 18. Re3 a5 19. Bxh7+ Nxh7 20. Rh3 Qg5 21.
Qxh7+ Kf8 22. Nf3 Qg6 23. Qh4 Ne7 24. Qf4 Nf5 25. g4 Nh6 26. g5 Nf5 27. bxa5 Kg8 28. Bc3 Bd7 29. Nd4 Nxd4 30. Bxd4 Bc6 31. Re3 Qf5 32.
Qg3 Kh7 33. Rae1 Ra8 34. Rf3 Qg6 35. Qh4+ Kg8 36. Rh3 Kf8 37. Bc3 Red8 38. Qh5 d4 39.
Qxg6 fxg6 40. Bd2 Kg8 41. Rc1 Rd5 42. f4 d3 43. Rc3 Rad8 44. Kf2 Rd4 45. Rg3 Kf7 46.
Rg1 R8d5 47. Rb1 Ra4 48. Rb4 Rxa5 49. a4 Rxa4 50. Rxa4 bxa4 51. Ke3 Rd7 52. Rxd3 Rxd3+ 53. Kxd3 Ke7 54. Bb4 Kd7 55. Kd4 Bd5 56. h4 Bf3 57. Ba3 Bg4 58. Kc3 Bd1 59. Kd4 Kc6 60. Kc3 Kb5 61.
Kd4 Kc6 62. Kc3 Kb5 63. Kd4 Kc6 1/2-1/2

[Event "Late-Titled-Tuesday-Blitz-September-05-2023"]
[Site "Chess.com"]
[Date "2023.09.05"]
[Round "8"]
[White "tptagain"]
[Black "sofaceindisguise"]
[Result "1-0"]
[WhiteElo "2979"]
[BlackElo "2737"]
[TimeControl "180+1"]
[EndTime "15:29:51 PDT"]
[Termination "tptagain won by resignation"]

1. Nf3 Nf6 2. b3 e6 3. Bb2 d5 4. c4 Be7 5. g3 O-O 6. Bg2 c5 7. cxd5 exd5 8. d4 cxd4 9. O-O Nc6 10. Nxd4 Re8 11. Nc3 Bg4 12. h3 Bh5 13. Rc1 Bf8 14. g4 Bg6 15. e3 Rc8 16. Nde2 h5 17. Nf4 d4 18. exd4 hxg4 19. hxg4 Bh7 20. g5 Ne4 21. g6 Bxg6 22. Nxg6 Nxc3 23. Rxc3 fxg6 24. Rg3 Ne7 25. d5 Qd6 26. Re1 Nf5 27. Rxe8 Rxe8 28. Rg4 Be7 29. Be4 Bf6 30. Bxf6 Qxf6 31. d6 Qxd6 32. Qxd6 Nxd6 33.
Bxg6 Re1+ 34. Kg2 Rd1 35. Rg5 Kf8 36. Re5 Rd4 37. Re6 a5 38. a4 b6 39. f4 Rd2+ 40. Kf3 Rd1 41. f5 Rd5 42. Kf4 Rd1 43. Ke5 Nf7+ 44.
Bxf7 Kxf7 45. Rxb6 Re1+ 46. Kd4 Rd1+ 47. Kc4 Rf1 48.
Rb5 Kf6 49. Rxa5 Rf4+ 50. Kc3 Rf3+ 51. Kb2 Rf2+ 52. Kc1 Re2 53. Rb5 g5 54. fxg6 1-0

[Event "Late-Titled-Tuesday-Blitz-September-05-2023"]
[Site "Chess.com"]
[Date "2023.09.05"]
[Round "8"]
[White "eljanov"]
[Black "BogdanDeac"]
[Result "0-1"]
[WhiteElo "2886"]
[BlackElo "3009"]
[TimeControl "180+1"]
[EndTime "15:29:52 PDT"]
[Termination "BogdanDeac won by resignation"]

1. d4 Nf6 2. c4 e6 3. Nc3 Bb4 4. e3 O-O 5. Bd3 d5 6. a3 dxc4 7. Bxc4 Be7 8. Nf3 c5 9. O-O a6 10. Bd3 cxd4 11. exd4 b5 12. Qe2 Bb7 13. Rd1 Nbd7 14. Ne5 Rc8 15. Bg5 Nd5 16. Qh5 g6 17. Bxe7 Qxe7 18. Nxd5 Bxd5 19. Qe2 Nxe5 20. dxe5 Qg5 21. g3 Bb3 22. Re1 Rfd8 23. h4 Qe7 24. Rac1 h5 25. Qe3 Bd5 26. Be4 Bxe4 27. Qxe4 Qd7 28.
Kg2 Qd2 29. Rxc8 Rxc8 30. Re2 Qd1 31. Re1 Qb3 32. Re2 Qd1 33. Re1 Qd7 34. Qf3 Qc7 35.
Re2 Rd8 36. Qe4 Rd5 37. b4 Kg7 38. Qc2 Qxc2 39. Rxc2 Rxe5 40. Rc6 Re2 41. Rxa6 Ra2 42. Kf3 e5 43. Ra5 Kf6 44. Ke4 Ke6 45. Ra6+ Ke7 46. f3 f6 47. Kd5 Rf2 48. Ra7+ Kd8 49. Kc5 Rxf3 50. Kxb5 Rxg3 51. a4 e4 52. Kc4 Ra3 53. Ra6 Ke7 54. Kd5 e3 55. Re6+ Kf7 56. Re4 Rxa4 57. Kc4 Ra3 58. b5 Ra4+ 0-1

[Event "Late-Titled-Tuesday-Blitz-September-05-2023"]
[Site "Chess.com"]
[Date "2023.09.05"]
[Round "8"]
[White "Aygehovit1992"]
[Black "mishanick"]
[Result "0-1"]
[WhiteElo "2723"]
[BlackElo "3063"]
[TimeControl "180+1"]
[EndTime "15:29:53 PDT"]
[Termination "mishanick won by resignation"]

1. e4 c5 2. Nc3 d6 3. f4 Nc6 4.
Nf3 g6 5. Bb5 Bd7 6. Bxc6 Bxc6 7. d3 Bg7 8. O-O Nf6 9. Qe1 O-O 10. Qh4 e6 11. f5 exf5 12. Bg5 h6 13. Bxh6 Nh7 14. Bxg7 Kxg7 15. exf5 Qxh4 16. Nxh4 Ng5 17. f6+ Kh6 18. Rae1 Rae8 19. Kf2 Kh5 20. Nf3 Nxf3 21.
gxf3 Kg5 22. Ne4+ Bxe4 23. fxe4 Kxf6 24. Re3 Rh8 25. Rf3+ Kg7 26. Kg3 Re7 27. h4 Rh5 28. c4 Rhe5 29. Rf6 R5e6 30. Rxe6 Rxe6 31. a3 b6 32. b4 Re5 33. Rb1 Rh5 34. Kg4 Kf6 35. bxc5 dxc5 36. a4 Ke5 37. a5 Kd4 38. axb6 axb6 39.
Rxb6 Kxd3 40. Rb7 Rh7 41. e5 f5+ 42. exf6 Rxb7 43. Kg5 Kxc4 44. Kxg6 Kd5 45. f7 Rb8 46. Kg7 c4 47. f8=Q Rxf8 48. Kxf8 c3 49. h5 c2 50. h6 c1=Q 51. h7 Qh6+ 52. Kg8 Qg6+ 53. Kh8 Qf6+ 54. Kg8 Ke6 55. h8=N Ke7 56. Kh7 Qh4+ 57.
Kg7 Qd4+ 58. Kg8 Kf6 59. Nf7 Qg4+ 60. Kf8 Qg7+ 61. Ke8 Qxf7+ 0-1

[Event "Late-Titled-Tuesday-Blitz-September-05-2023"]
[Site "Chess.com"]
[Date "2023.09.05"]
[Round "8"]
[White "farzadbfd"]
[Black "MITerryble"]
[Result "0-1"]
[WhiteElo "2683"]
[BlackElo "2918"]
[TimeControl "180+1"]
[EndTime "15:29:57 PDT"]
[Termination "MITerryble won by resignation"]

1. d4 e6 2. Nf3 Nf6 3. c4 Bb4+ 4. Nbd2 O-O 5. e3 b6 6. a3 Bxd2+ 7. Bxd2 Bb7 8. Bd3 d6 9. Qc2 Nbd7 10. e4 e5 11. d5 a5 12. b3 Nc5 13. O-O Nh5 14. b4 Nxd3 15. Qxd3 a4 16. Rfc1 Bc8 17. c5 bxc5 18.
bxc5 Ba6 19. Qc2 Qf6 20. Rab1 h6 21. Rb4 g5 22. Be3 Nf4 23. Bxf4 Qxf4 24. Qd2 Be2 25.
Qxf4 gxf4 26. c6 f5 27. Nd2 fxe4 28. Nxe4 Ra5 29. Nc3 Bd3 30. Rd1 Bc2 31. Rd2 Bb3 32.
f3 Rc5 33. Nxa4 Rxd5 34. Rb2 Bxa4 35. Rxa4 Rc5 36. Ra7 Rxc6 37. a4 Kf7 38. Rbb7 Rc8 39. a5 Ke6 40. Rb1 Kd7 41. Rab7 Ra6 42. R7b5 Rca8 43.
Ra1 Kc8 44. g3 fxg3 45. hxg3 c6 46. Rc1 Kc7 47. Rb4 Rxa5 48. Rh4 Ra1 49. Rxa1 Rxa1+ 50. Kf2 c5 51. Rxh6 c4 52. g4 c3 53. Rh7+ Kb6 54. Rh8 c2 55. Rc8 c1=Q 56. Rxc1 Rxc1 57. g5 Kc6 58.
Kg3 Kd5 59. Kg4 Ke6 0-1

[Event "Late-Titled-Tuesday-Blitz-September-05-2023"]
[Site "Chess.com"]
[Date "2023.09.05"]
[Round "8"]
[White "rikchessmx"]
[Black "nitpicker"]
[Result "0-1"]
[WhiteElo "2388"]
[BlackElo "2281"]
[TimeControl "180+1"]
[EndTime "15:29:57 PDT"]
[Termination "nitpicker won by resignation"]

1. e4 c5 2. Nf3 d6 3. d4 cxd4 4.
Nxd4 Nf6 5. Nc3 Nc6 6. f4 Qb6 7. Nb3 e6 8. Qf3 a6 9. Be3 Qc7 10. g4 g5 11. h3 Bg7 12. fxg5 Nd7 13. Bd3 Nce5 14. Qg3 b5 15. O-O Bb7 16. a3 Nc5 17.
Rad1 Nexd3 18. Rxd3 Nxd3 19. cxd3 O-O-O 20. Rc1 Bc6 21. d4 d5 22. Qxc7+ Kxc7 23. Na5 Kb6 24. Nxc6 Kxc6 25.
Nxd5+ Kd6 26. Nf6 Bxf6 27. gxf6 Rc8 28. Rd1 Rc2 29. Bf4+ Kd7 30. d5 e5 31. Bxe5 Re8 32.
Bc3 Rxe4 33. d6 Ree2 34. Bd4 Red2 35. Rxd2 Rxd2 36. Bc3 Rxd6 37. Kg2 Kc6 38. Kf3 Kb6 39. Kf4 a5 40. Kg5 Rd3 41. h4 Rg3 42. Bd4+ Kc6 43.
Be5 Rg2 44. Kf5 b4 45. axb4 axb4 46. h5 Kd5 47. Bf4 Rf2 48. Kg5 Ke4 49. Bd6 b3 50.
Ba3 Ke5 51. Kh6 Rxf6+ 52. Kxh7 Kf4 53. Kg7 Ra6 54. Be7 Ra2 55. Bf6 Kxg4 56. h6 Ra8 57. h7 Kf5 58. h8=Q Rxh8 59. Kxh8 Kxf6 60. Kh7 Kg5 61.
Kg7 f5 62. Kf7 f4 63. Ke6 f3 64. Kd5 f2 65. Kc4 f1=Q+ 66. Kxb3 Qb5+ 67. Kc2 Kf4 68. b4 Ke4 69. Kb3 Kd5 70. Kc3 Qc4+ 71. Kb2 Qxb4+ 72.
Kc2 Kd4 73. Kd1 Qb2 74. Ke1 Ke3 0-1

[Event "Late-Titled-Tuesday-Blitz-September-05-2023"]
[Site "Chess.com"]
[Date "2023.09.05"]
[Round "8"]
[White "Chessbard1972"]
[Black "PapaieDudu"]
[Result "1-0"]
[WhiteElo "2482"]
[BlackElo "2289"]
[TimeControl "180+1"]
[EndTime "15:29:58 PDT"]
[Termination "Chessbard1972 won by checkmate"]

1. d4 d5 2. c4 e6 3. Nc3 Nf6 4. Bg5 dxc4 5. e3 a6 6. Bxc4 b5 7. Bb3 c5 8. Nf3 Nbd7 9. O-O Bb7 10. Qe2 Be7 11. Rfd1 Qc7 12. d5 exd5 13. Nxd5 Nxd5 14. Bxd5 Bxg5 15. Nxg5 Bxd5 16. Rxd5 Nf6 17. Rd2 O-O 18. a4 h6 19. Nf3 Ne4 20. Rc2 Rfd8 21. g3 Qd7 22. Kg2 c4 23. axb5 axb5 24. Rxa8 Rxa8 25. Nd4 Nc5 26. Qf3 Rc8 27. Qf5 Qb7+ 28. f3 Nd3 29.
Re2 Rc5 30. Qg4 Qd5 31. Nc2 b4 32. e4 Qd6 33. Ne3 Rg5 34. Qc8+ Kh7 35. Nd5 c3 36. bxc3 b3 37. Rd2 Ne5 38. Qb7 Nc6 39. Qxb3 Re5 40. Qc2 Qe6 41. Nf4 Qe7 42. Nd3 Re6 43. e5 Rg6 44. f4 f5 45. Nf2 Nd8 46. Qd3 Ne6 47.
Qd6 Nxf4+ 48. Kf3 Ne6 49. Qxe7 Ng5+ 50. Kg2 f4 51. h4 f3+ 52. Kh2 Ne4 53. Nxe4 h5 54. Nf2 Rg4 55. Rd6 Rg6 56. Rd7 Rg5 57. e6 Rg6 58. Qe8 Kh6 59. Qh8# 1-0